 Dungeon Crawl Stone Soup version 0.26.0-16-gc1dbca0489 (webtiles) character file.

Game seed: 13273989810442952663

114 littlecub the Ducker (level 4, -9/35 HPs)
             Began as a Demonspawn Gladiator on Jan 21, 2021.
             Killed by nerve-wracking pain
             ... invoked by an orc priest
              (11 damage)
             ... on level 4 of the Dungeon.
             The game lasted 00:05:42 (2250 turns).

littlecub the Ducker (Demonspawn Gladiator)         Turns: 2250, Time: 00:05:43

Health: -9/35      AC:  7    Str: 15    XL:     4   Next: 67%
Magic:  4/4        EV: 13    Int:  9    God:
Gold:   147        SH:  4    Dex: 21    Spells: 3/3 levels left

rFire    . . .     SeeInvis .   g - +0 whip (elec)
rCold    . . .     Faith    .   a - +0 buckler
rNeg     . . .     Spirit   .   b - +0 leather armour
rPois    .         Reflect  .   c - +0 helmet
rElec    .         Harm     .   (no cloak)
rCorr    .         Rampage  .   (no gloves)
Will     .....                  (no boots)
Stlth    ++........             (no amulet)
HPRegen  0.11/turn              m - +6 ring of dexterity
MPRegen  0.09/turn              (no ring)

@: no status effects
A: thin metallic scales 2
a: no special abilities


You were on level 4 of the Dungeon.
You visited 1 branch of the dungeon, and saw 4 of its levels.

You collected 147 gold pieces.

Inventory:

Hand Weapons
 g - a +0 whip of electrocution (weapon)
Missiles
 d - 3 throwing nets (quivered)
Armour
 a - a +0 buckler (worn)
 b - a +0 leather armour (worn)
 c - a +0 helmet (worn)
 s - a +0 chain mail
Jewellery
 m - a +6 ring of dexterity (left hand)
Scrolls
 e - 3 scrolls of identify {unknown}
 f - a scroll of enchant armour {unknown}
 h - a scroll of remove curse {unknown}
 j - 2 scrolls of teleportation {unknown}
 n - 2 scrolls of enchant weapon {unknown}
 p - a scroll of noise {unknown}
 q - a scroll of magic mapping {unknown}
Potions
 i - 2 potions of curing {unknown}
 k - a potion of berserk rage {unknown}
 l - a potion of heal wounds {unknown}
 o - a potion of degeneration {unknown}
 r - a potion of magic {unknown}


   Skills:
 * Level 3.1 Fighting
 - Level 3.0 Long Blades
 * Level 1.7 Maces & Flails
 - Level 1.7 Throwing
 + Level 1.2 Armour
 + Level 3.1 Dodging
 + Level 0.5 Shields


You had 3 spell levels left.
You didn't know any spells.
Your spell library contained the following spells:

 Spells                   Type           Power        Failure   Level
 Beastly Appendage        Tmut           0%           61%         1
 Wereblood                Tmut           0%           75%         2
 Spider Form              Tmut/Pois      0%           93%         3
 Ice Form                 Ice/Tmut       0%           100%        4
 Blade Hands              Tmut           0%           100%        5


Dungeon Overview and Level Annotations

Branches:
Dungeon (3/15)

Altars:


Innate Abilities, Weirdness & Mutations

You are mostly covered in thin metallic scales. (AC +3)


Message History

You are too injured to fight recklessly!
You are too injured to fight recklessly!
You are too injured to fight recklessly!
You are too injured to fight recklessly!
You completely miss the orc priest.
The orc priest is moderately wounded.
You block the leopard gecko's attack.
The orc priest invokes the aid of Beogh against you.
Pain shoots through your body!
* * * LOW HITPOINT WARNING * * *
The orc closely misses you.
The leopard gecko bites you but does no damage.
Okay, then.
Okay, then.
You block the orc's attack.
The leopard gecko hisses menacingly.
You block the leopard gecko's attack.
The orc priest invokes the aid of Beogh against you.
Pain shoots through your body!
You die...

## #.............. ..#
#...............
..##...............
...............^...
#................
##................
####.....†.o......... .
#..........l.........
..#......)..So.@.......
...............##.....#
#.......####### ######
....#....# .........#
......#.## .o.#....#
..#...... . #..#...


You could see an orc priest, an adder, an orc and a leopard gecko.

Vanquished Creatures
  Jessica (D:2)
  3 adders
  An ooze (D:1)
  4 dart slugs
  2 orcs (D:4)
  A bat (D:2)
  4 giant cockroaches
  7 goblins
  5 hobgoblins
  8 kobolds
  A quokka (D:2)
  3 frilled lizards
  7 rats
47 creatures vanquished.

Notes
Turn   | Place    | Note
-------+----------+-------------------------------------------
     0 | D:1      | littlecub the Demonspawn Gladiator began the quest for the
                  | Orb.
     0 | D:1      | Reached XP level 1. HP: 16/16 MP: 1/1
   464 | D:1      | Gained mutation: You are partially covered in thin metallic
                  | scales. (AC +2) [demonic ancestry]
   464 | D:1      | Reached XP level 2. HP: 21/22 MP: 2/2
   949 | D:2      | Reached XP level 3. HP: 26/28 MP: 3/3
  1036 | D:2      | Noticed Jessica
  1039 | D:2      | Killed Jessica
  1040 | D:2      | Reached skill level 1 in Maces & Flails
  1040 | D:2      | Reached skill level 1 in Armour
  1199 | D:2      | Gained mutation: You are mostly covered in thin metallic
                  | scales. (AC +3) [demonic ancestry]
  1199 | D:2      | Reached XP level 4. HP: 34/34 MP: 4/4
  2209 | D:3      | You fall into a shaft and drop 1 floor!
  2245 | D:4      | HP: 1/35 [orc priest/nerve-wracking pain (13)]
  2250 | D:4      | Killed from afar by an orc priest

Illustrated notes

Levels and vault maps discovered:
D:1:      doesnt_arrival_eight_statues, layout_loops_ring,
          minmay_misc_feat_four_crosses
D:2:      layout_basic, uniq_jessica
D:3:      layout_rooms, serial_park_tiny_2
D:4:      layout_rooms, minmay_temple_entry_enclosed_plants

Skill      XL: |  1  2  3  4 |
---------------+-------------+-----
Long Blades    | 3 |  3.0
Maces & Flails | 1 |  1.7
Armour         | 1 |  1.2
Dodging        | 3 |  3.1
Fighting       | 3 |  3.1
Throwing       | |  1.7
Shields        | |  0.5

Action                   |  1- 3 |  4- 6 || total
-------------------------+-------+-------++-------
Melee: Long sword        |    34 |       ||    34
       Whip              |    22 |   103 ||   125
 Stab: Sleeping          |     2 |     1 ||     3
Armor: Leather armour    |    15 |    26 ||    41
Dodge: Dodged            |    37 |    56 ||    93
Block: Buckler           |     2 |    19 ||    21
       Rpst.: Long sword |     6 |       ||     6
